 Dungeon Crawl Stone Soup version 0.16-a0-3272-g378764d (console) character file.

115096 MorganLeah the Warrior (level 16, 124/124 HPs)
             Began as a Vine Stalker Gladiator on Dec 20, 2014.
             Was the Champion of Wulndraste.
             Quit the game on level 7 of the Lair of Beasts on Jan 24, 2015.
             The game lasted 01:38:07 (28115 turns).

MorganLeah the Warrior (Vine Stalker Gladiator)    Turns: 28115, Time: 01:38:07

Health: 124/124    AC: 31    Str: 20    XL:     16   Next: 67%
Magic:  37/37      EV: 18    Int: 13    God:    Wulndraste [******]
Gold:   1636       SH:  0    Dex: 15    Spells: 3 memorised, 9 levels left

rFire  . . .     SeeInvis +     a - +2 quarterstaff (protect)
rCold  . . .     Clarity  .     J - +2 mottled dragon armour
rNeg   . . .     SustAb   .     (no shield)
rPois  .         Gourm    .     T - +2 helmet {SInv}
rElec  .         Spirit   +     n - +0 cloak
rCorr  +         Warding  .     X - +2 pair of gloves {archery}
rMut   .         Stasis   .     l - +0 pair of boots
MR     ++...                    I - amulet of resist corrosion
Stlth  +.........               C - +4 ring of protection
                                O - +4 ring of protection

@: very resistant to hostile enchantments, very unstealthy
A: fangs 3, sense surroundings 1, regeneration 3, magic shield, antimagic bite,
no device heal 3, rot immunity
a: Blend In, Change of Scenery, Renounce Religion


You were on level 7 of the Lair of Beasts.
You worshipped Wulndraste.
Wulndraste was exalted by your worship.
You were not hungry.

You visited 4 branches of the dungeon, and saw 28 of its levels.
You also visited: Labyrinth and Ice Cave.

You collected 2874 gold pieces.
You spent 1238 gold pieces at shops.

Inventory:

Hand weapons
 a - a +2 quarterstaff of protection (weapon)
Armour
 l - a +0 pair of boots (worn)
 n - a +0 cloak (worn)
 J - a +2 mottled dragon armour (worn)
 T - a +2 helmet of see invisible (worn)
 X - a +2 pair of gloves of archery (worn)
Jewellery
 p - an uncursed ring of flight
 u - a +5 ring of dexterity
 x - an uncursed ring of protection from fire
 C - a +4 ring of protection (right hand)
 D - an uncursed ring of poison resistance
 I - an amulet of resist corrosion (around neck)
 K - a +4 ring of evasion
 O - a +4 ring of protection (left hand)
Magical devices
 i - a wand of digging (7)
 y - a wand of draining (4)
 M - a wand of digging (14)
 N - a wand of draining (9)
 S - a wand of disintegration (8)
 V - a wand of cold (4)
 Z - a wand of cold (6)
Scrolls
 d - 2 scrolls of fog
 h - 4 scrolls of recharging
 j - a scroll of magic mapping
 o - 7 scrolls of identify
 r - 4 scrolls of blinking
 B - 5 scrolls of enchant weapon
 F - 3 scrolls of amnesia
 P - 3 scrolls of teleportation
 Q - 6 scrolls of remove curse
Potions
 b - 4 potions of agility
 e - 2 potions of brilliance
 m - a potion of invisibility
 s - 6 potions of curing
 t - 2 potions of flight
 v - 2 potions of cancellation
 w - 3 potions of restore abilities
 A - 3 potions of haste
 E - 5 potions of might
 G - a potion of ambrosia
 H - a potion of magic
 U - 2 potions of berserk rage
Books
 z - a book of the Warp

   Spells                             Type                      Level
   a - Recall                         Summoning/Translocation      3
   b - Control Teleport               Charms/Translocation         4
   c - Force Lance                    Conjuration/Translocation    4
   d - Phase Shift                    Translocation                5
   e - Warp Weapon                    Charms/Translocation         5
   f - Summon Forest                  Summoning/Translocation      5
   g - Gell's Gravitas                Hexes/Translocation          6
 Y - a book of Beasts

   Spells                             Type                      Level
   a - Summon Butterflies             Summoning                    1
   b - Call Canine Familiar           Summoning                    3
   c - Summon Ice Beast               Ice/Summoning                4
   d - Summon Mana Viper              Hexes/Summoning              5
   e - Monstrous Menagerie            Summoning                    6
   f - Summon Hydra                   Summoning                    7
Comestibles
 c - a royal jelly
 f - 14 bread rations
 g - 5 slices of pizza
 k - 19 meat rations
 q - 9 beef jerkies
 L - 34 fruits


   Skills:
 + Level 16.0 Fighting
 - Level 14.0 Staves
 - Level 1.7 Throwing
 - Level 5.0 Armour
 - Level 10.0 Dodging
 - Level 5.0 Spellcasting
 + Level 4.8 Summonings
 - Level 8.0 Translocations
 - Level 7.0 Invocations


You had 9 spell levels left.
You knew the following spells:

 Your Spells              Type           Power        Failure   Level  Hunger
a - Phase Shift           Tloc           ###.......   21%         5    ######.
b - Summon Forest         Summ/Tloc      ###.......   38%         5    ######.
c - Monstrous Menagerie   Summ           ###.......   100%        6    #######


Dungeon Overview and Level Annotations

Branches:
Dungeon (15/15)            Temple (1/1) D:6            Lair (8/8) D:8
  Swamp (0/5) Lair:6       Spider (0/5) Lair:3        Slime (0/6) Lair:7
    Orc (4/4) D:12            Elf (0/3) Orc:3        Vaults (0/5) D:14
 Depths (0/5) D:15

Altars:
Ashenzari
Cheibriados
Dithmenos
Elyvilon
Fedhas
Gozag
Kikubaaqudgha
Makhleb
Nemelex Xobeh
Okawaru
Qazlal
Ru
Sif Muna
Trog
Vehumet Wulndraste
Xom
Yredelemnul
Zin
The Shining One
Jiyva

Shops:
D:8 (   D:9 }   D:13 *   D:14 [   D:15 *   Orc:1 *   Orc:3 :   Orc:4 :%!}*


Innate Abilities, Weirdness & Mutations

You have razor-sharp teeth.
You regenerate.
When hurt, damage is shared between your health and your magic reserves.
Your bite disrupts and absorbs the magic of your enemies.
Potions and wands cannot restore your health.
You are immune to rotting.
You passively map a small area around you.


Message History

Where to? (Enter - Lair:7 @ (x,y), ? - help)
There is a stone staircase leading down here.
Unknown command.
You climb downwards.
There is a stone staircase leading up here.
Unknown command.
There is a stone staircase leading up here.
You climb upwards.
There is a stone staircase leading down here.
Unknown command.
Unknown command.
Unknown command.
Unknown command.
Unknown command.
Unknown command.
Saving game... please wait.
Welcome back, MorganLeah the Vine Stalker Gladiator.
Wulndraste says: Go and see what is to be seen!
Press ? for a list of commands and other information.
Are you sure you want to abandon this character and quit the game? (Confirm with "yes".)

∙∙▒ ∙∙▒ ▒▒▒ ▒▒▒▒ ∙∙▒▒ ▒▒∙▒
▒∙∙▒ ▒▒▒ ∙∙∙▒▒▒▒P∙▒▒▒▒▒▒▒
▒▒▒∙∙▒▒▒∙▒
∙∙∙∙∙∙∙∙∙∙▒∙∙▒∙▒▒▒▒P∙∙∙▒▒∙▒▒
∙∙∙∙∙∙∙∙∙∙∙∙∙∙∙∙∙∙∙∙∙∙∙∙∙▒▒
∙∙∙∙∙∙∙∙∙∙∙∙∙∙∙∙∙∙∙∙∙∙∙∙∙▒▒
∙∙∙∙∙∙∙∙∙∙∙∙∙∙∙∙∙∙∙∙∙∙∙∙∙∙▒
∙∙∙∙∙∙∙∙∙∙∙∙∙∙∙∙f∙∙∙∙∙∙∙∙▒▒
∙∙∙∙∙∙∙∙∙∙∙∙∙∙∙∙∙∙∙∙∙∙∙∙∙∙▒▒
∙∙∙∙∙∙∙∙∙∙∙∙∙∙∙∙∙∙∙∙∙∙∙∙∙∙∙▒
∙∙∙∙∙∙∙∙∙▒∙∙∙∙▒▒∙∙∙∙∙∙∙∙∙∙▒▒
∙∙▒▒▒∙∙∙▒∙▒∙∙▒▒▒▒▒▒∙∙∙∙∙∙∙▒
∙∙∙▒▒▒P▒▒▒▒▒▒▒ ▒▒▒∙∙∙∙∙∙∙▒▒▒
∙∙∙▒▒▒▒▒ ▒∙∙P∙∙∙∙∙)∙∙▒ ∙∙∙∙▒
▒▒∙∙[∙∙∙∙∙∙▒▒ ∙∙▒▒▒
▒∙∙∙∙∙∙∙∙∙∙▒


There were no monsters in sight!

Vanquished Creatures
  Rupert (D:14)
  A fire giant (D:15)
  3 rakshasas (D:15)
  The ghost of Naubita the Brawler, a powerful MiMo of Wulndraste (D:13)
  A minotaur (Lab)
  Josephine (D:15)
  8 hydras
  2 small abominations (D:14)
  Fannar (D:10)
  Harold (D:10)
  Erica (D:14)
  5 centaur warriors
  A tengu warrior (D:14)
  5 orc high priests (Orc:4)
  5 death yaks (Lair:8)
  The ghost of Bloax the Grappler, an experienced MiMo of Wulndraste (D:9)
  A deep troll shaman (Lair:8)
  5 catoblepae
  Nergalle (D:14)
  A deep elf knight (D:14)
  4 skeletal warriors
  4 ice devils (IceCv)
  2 unseen horrors
  3 hill giants (D:15)
  3 ice statues (IceCv)
  A wolf spider zombie (D:14)
  A necromancer (IceCv)
  4 griffons
  An orc sorcerer (Orc:4)
  A cyclops (D:13)
  A lindwurm (Lair:8)
  A manticore (Lab)
  6 ugly things
  10 orc knights
  3 oklob plants
  4 centaur zombies
  13 elephants
  2 black mambas
  Joseph (D:8)
  A torpor snail (Lair:8)
  2 gargoyles
  2 efreet
  19 spiny frogs
  9 centaur skeletons
  10 komodo dragons
  5 trolls
  A merfolk (D:11)
  3 deep elf priests (D:14)
  2 polar bears
  The ghost of MorganLeah the Twirler, an experienced VSGl (D:4)
  A two-headed ogre (D:12)
  3 blue devils (IceCv)
  Prince Ribbit (D:9)
  3 ravens (D:14)
  A red wasp zombie (D:15)
  A trapdoor spider zombie (D:13)
  15 blink frogs
  9 slime creatures
  3 trapdoor spiders
  A wyvern (D:13)
  A spriggan (D:11)
  51 yaks
  5 deep elf magi
  A wraith (D:15)
  2 basilisks
  Eustachio (D:5)
  A human (shapeshifter) (D:15)
  13 hippogriffs
  Grum (D:9)
  3 swamp worms (Lair:6)
  6 hungry ghosts
  A deep elf fighter (D:14)
  2 wargs
  29 wolves
  7 vampire mosquitoes
  A steam dragon (D:8)
  Menkaure (D:4)
  15 water moccasins
  2 mottled dragons
  16 porcupines
  A red wasp simulacrum (D:15)
  3 black bears
  A swamp drake (Lair:6)
  A yellow wasp (D:9)
  40 orc warriors
  Purgy (D:4)
  9 ice beasts
  2 eyes of draining
  25 centaurs
  5 sky beasts
  A boring beetle (Lair:8)
  15 crocodiles
  A brain worm (D:11)
  9 ogres
  2 necrophages
  3 phantoms
  Sigmund (D:2)
  Duvessa (D:8)
  Blork the orc (D:8)
  18 giant frogs
  2 big kobolds
  A wyvern skeleton (D:14)
  3 wights (D:13)
  2 scorpions
  24 killer bees
  3 goliath beetles
  Dowan (D:8)
  11 hounds
  6 crimson imps
  40 orc priests
  5 jellies
  3 giant frog skeletons
  A draconian simulacrum (IceCv)
  8 iguanas
  44 orc wizards
  26 sheep
  7 worker ants
  4 troll simulacra (IceCv)
  The ghost of Bloax the Ruffian, a weakling MiMo (D:3)
  2 centaur simulacra
  A hound zombie (D:8)
  32 adders
  2 ogre simulacra (IceCv)
  47 river rats
  2 naga simulacra (IceCv)
  2 shadow imps
  A giant mite (D:8)
  A worm (D:4)
  An adder skeleton (D:4)
  An adder zombie (D:7)
  4 giant geckos
  2 oozes (D:2)
  184 orcs
  A bat zombie (D:6)
  3 giant cockroaches
  21 hobgoblins
  9 jackals
  17 kobolds
  16 quokkas
  3 ball pythons
  11 bats
  A giant newt (D:4)
  A giant spore (D:8)
  21 goblins
  A jackal skeleton (D:6)
  13 rats
  A bush (Lair:2)
  2 crawling corpses (D:14)
  A fungus (Lair:7)
  A plant (Lair:2)
1100 creatures vanquished.

Vanquished Creatures (collateral kills)
  A hippogriff (Lair:4)
1 creature vanquished.

Vanquished Creatures (others)
  3 orcs
  A kobold (D:10)
  A fungus (Lair:6)
5 creatures vanquished.

Grand Total: 1106 creatures vanquished

Notes
Turn   | Place    | Note
--------------------------------------------------------------
     0 | D:1      | MorganLeah, the Vine Stalker Gladiator, began the quest for the Orb.
     0 | D:1      | Reached XP level 1. HP: 11/11 MP: 1/1
    14 | D:1      | Reached skill level 3 in Staves
    38 | D:1      | Reached XP level 2. HP: 10/15 MP: 3/3
   565 | D:2      | Reached XP level 3. HP: 13/18 MP: 4/4
   682 | D:2      | Reached skill level 4 in Staves
  1033 | D:2      | Noticed Sigmund
  1041 | D:2      | Killed Sigmund
  1041 | D:2      | Reached skill level 5 in Staves
  1041 | D:2      | Reached XP level 4. HP: 12/23 MP: 3/5
  1041 | D:2      | Reached XP level 5. HP: 13/26 MP: 4/7
  1564 | D:4      | Noticed Menkaure
  1566 | D:4      | Noticed Purgy
  1663 | D:3      | Noticed Bloax's ghost (weakling MiMo)
  1673 | D:3      | Killed Bloax's ghost
  1729 | D:3      | Found an opulent altar of Gozag.
  1796 | D:3      | Gained mutation: You heal very quickly. [vine stalker growth]
  1796 | D:3      | Reached XP level 6. HP: 27/30 MP: 8/8
  1837 | D:5      | Entered Level 5 of the Dungeon
  1851 | D:5      | Reached skill level 6 in Staves
  2104 | D:4      | Noticed MorganLeah's ghost (experienced VSGl)
  2127 | D:4      | Killed MorganLeah's ghost
  2127 | D:4      | Reached skill level 7 in Staves
  2127 | D:4      | Reached XP level 7. HP: 17/34 MP: 5/9
  2587 | D:4      | Noticed an ice beast
  2621 | D:4      | Killed an ice beast
  2669 | D:4      | Reached skill level 8 in Staves
  2734 | D:4      | Killed Purgy
  2734 | D:4      | Reached skill level 1 in Spellcasting
  3118 | D:4      | Killed Menkaure
  3118 | D:4      | Gained mutation: You have razor-sharp teeth. [vine stalker growth]
  3118 | D:4      | Reached XP level 8. HP: 14/38 MP: 8/16
  3556 | D:5      | Reached skill level 9 in Staves
  3580 | D:6      | Noticed Eustachio
  4152 | D:5      | Killed Eustachio
  4329 | D:6      | Reached skill level 10 in Staves
  4350 | D:6      | Found a staircase to the Ecumenical Temple.
  4385 | D:6      | Reached XP level 9. HP: 39/42 MP: 18/20
  4543 | D:7      | --noice
  4684 | Temple   | Entered the Ecumenical Temple
  4749 | Temple   | Became a worshipper of Wulndraste the Wayfarer
  5191 | D:7      | Identified a -3 rod of destruction (3/10) (You took it off an orc on level 7 of the Dungeon)
  5362 | D:7      | Reached skill level 11 in Staves
  5598 | D:8      | Found a staircase to the Lair.
  5753 | D:8      | Noticed Joseph
  5894 | D:8      | Killed Joseph
  6139 | D:8      | Reached skill level 12 in Staves
  6150 | D:8      | Found a sacrificial altar of Ru.
  6151 | D:8      | Noticed a catoblepas
  6191 | D:8      | Reached XP level 10. HP: 37/46 MP: 20/20
  6312 | D:8      | Found Yffi Schu's Antique Weapon Shop.
  6327 | D:8      | Bought a runed quarterstaff for 104 gold pieces
  6406 | D:8      | Acquired Wulndraste's first power
  6406 | D:8      | Noticed Duvessa
  6407 | D:8      | Noticed Dowan
  6430 | D:8      | Killed Duvessa
  6451 | D:8      | Killed Dowan
  6502 | D:9      | Reached skill level 13 in Staves
  6574 | D:9      | Noticed Grum
  6615 | D:9      | Killed Grum
  6644 | D:9      | Noticed Bloax's ghost (experienced MiMo)
  6726 | D:9      | Killed Bloax's ghost
  6832 | D:9      | Found a shattered altar of Ashenzari.
  6834 | D:9      | Found a burning altar of Makhleb.
  6838 | D:9      | Found a bloodstained altar of Trog.
  6898 | D:9      | Found Icheg's Gadget Shoppe.
  6912 | D:9      | Noticed Prince Ribbit
  6941 | D:9      | Killed Prince Ribbit
  7268 | D:9      | Reached skill level 5 in Fighting
  7268 | D:9      | Reached XP level 11. HP: 51/60 MP: 24/24
  7460 | D:10     | Entered Level 10 of the Dungeon
  7688 | D:10     | Reached skill level 14 in Staves
  7718 | D:10     | Noticed Fannar
  7741 | D:10     | HP: 3/60 [Fannar/Ozocubu's Refrigeration (15)]
  7742 | D:10     | HP: 1/60 [Fannar/staff of cold (2)]
  7743 | D:10     | --sigh
  8514 | D:11     | Reached skill level 5 in Dodging
  8708 | D:11     | Found a staircase to the Orcish Mines.
  8720 | D:11     | Acquired Wulndraste's second power
  9315 | D:12     | Noticed a skeletal warrior
  9317 | D:12     | Noticed a skeletal warrior
  9575 | D:12     | Found a frozen archway.
  9593 | IceCv    | Entered an ice cave
  9645 | IceCv    | Noticed an ice devil
  9668 | IceCv    | Killed an ice devil
  9668 | IceCv    | Gained mutation: You regenerate. [vine stalker growth]
  9668 | IceCv    | Reached XP level 12. HP: 36/69 MP: 25/25
  9673 | IceCv    | Noticed an ice statue
  9673 | IceCv    | Noticed an ice statue
  9693 | IceCv    | Killed an ice statue
  9723 | IceCv    | Killed an ice statue
  9776 | IceCv    | Noticed an ice devil
  9779 | IceCv    | Noticed an ice devil
  9784 | IceCv    | Noticed an ice devil
  9907 | IceCv    | Noticed an ice statue
  9908 | IceCv    | --anothe rone :/
  9984 | IceCv    | --come on...
 10068 | IceCv    | Killed an ice devil
 10116 | IceCv    | Noticed a necromancer
 10161 | IceCv    | Killed a necromancer
 10178 | IceCv    | Killed an ice devil
 10202 | IceCv    | Killed an ice statue
 10334 | IceCv    | --test?
 10341 | IceCv    | Killed an ice devil
 10768 | D:12     | Reached skill level 5 in Spellcasting
 10777 | D:12     | Found a staircase to the Orcish Mines.
 10827 | D:12     | Noticed a skeletal warrior
 10888 | D:12     | Killed a skeletal warrior
 10888 | D:12     | Reached skill level 1 in Armour
 10941 | D:12     | Acquired Wulndraste's third power
 10981 | D:12     | Noticed an unseen horror
 10991 | D:12     | Killed an unseen horror
 11051 | D:12     | Killed a skeletal warrior
 11108 | D:12     | Killed a skeletal warrior
 11358 | D:12     | --hm orc or dungeon
 11359 | D:12     | --ehhh orc i guess
 11376 | Orc:1    | Entered Level 1 of the Orcish Mines
 11764 | Orc:1    | Found Ifurritutaj's General Store.
 12136 | Orc:4    | Entered Level 4 of the Orcish Mines
 12142 | Orc:3    | Found Elayl's Book Boutique.
 12142 | Orc:3    | Found a staircase to the Elven Halls.
 12201 | Orc:3    | Reached XP level 13. HP: 83/86 MP: 31/31
 12366 | Orc:3    | Acquired Wulndraste's fourth power
 12579 | Orc:3    | Reached skill level 10 in Fighting
 12627 | Orc:4    | Learned a level 5 spell: Phase Shift
 13384 | Orc:2    | --uh,
 13387 | Orc:2    | --?
 13458 | Orc:4    | Found Ecig's Book Emporium.
 13644 | Orc:4    | Acquired Wulndraste's fifth power
 14015 | Orc:4    | Reached skill level 5 in Armour
 14049 | Orc:4    | Noticed an orc high priest
 14079 | Orc:4    | Killed an orc high priest
 14374 | Orc:4    | Noticed an orc high priest
 14427 | Orc:4    | Killed an orc high priest
 14707 | Orc:4    | Noticed an orc high priest
 14787 | Orc:4    | Killed an orc high priest
 14812 | Orc:4    | Noticed an orc high priest
 14839 | Orc:4    | Killed an orc high priest
 14840 | Orc:4    | Noticed an orc high priest
 14857 | Orc:4    | Killed an orc high priest
 14865 | Orc:4    | Found Onkir's Gadget Boutique.
 14865 | Orc:4    | Found Ovviani's Food Shop.
 14865 | Orc:4    | Found Shan's Distillery.
 14866 | Orc:4    | Found Plidwayl's Assorted Antiques.
 14877 | Orc:4    | Bought a potion of agility for 64 gold pieces
 14877 | Orc:4    | Bought a potion of berserk rage for 80 gold pieces
 14877 | Orc:4    | Bought a potion of cure mutation for 560 gold pieces
 14877 | Orc:4    | Bought a potion of degeneration for 16 gold pieces
 14879 | Orc:4    | Gained mutation: Your spells are a little easier to cast, but a little less powerful. [potion of mutation]
 14879 | Orc:4    | Gained mutation: You evolve. [potion of mutation]
 14879 | Orc:4    | Gained mutation: You are frail (-10% HP). [potion of mutation]
 14880 | Orc:4    | Lost mutation: Your spells are a little easier to cast, but a little less powerful. [potion of cure mutation]
 14880 | Orc:4    | Lost mutation: You evolve. [potion of cure mutation]
 14880 | Orc:4    | Lost mutation: You are frail (-10% HP). [potion of cure mutation]
 14883 | Orc:4    | Bought a potion of curing for 48 gold pieces
 14883 | Orc:4    | Bought a potion of curing for 48 gold pieces
 14883 | Orc:4    | Bought a potion of lignification for 48 gold pieces
 14887 | Orc:4    | Gained mutation: You passively map a small area around you. [potion of beneficial mutation]
 14900 | Orc:4    | Bought a scroll of enchant armour for 270 gold pieces
 15257 | D:13     | Noticed Naubita's ghost (powerful MiMo)
 15319 | D:13     | Killed Naubita's ghost
 15405 | D:13     | Found Qoakh's General Store.
 16105 | D:13     | Reached XP level 14. HP: 102/102 MP: 36/36
 16420 | D:14     | Noticed Erica
 16433 | D:14     | Killed Erica
 16492 | D:14     | Noticed Nergalle
 16515 | D:14     | Killed Nergalle
 16634 | D:14     | Noticed Rupert
 16652 | D:14     | Killed Rupert
 16928 | D:14     | Reached skill level 10 in Dodging
 16978 | D:14     | Found a gate to the Vaults.
 16995 | D:14     | Reached skill level 1 in Invocations
 17344 | D:14     | Found Moliff's Armour Shoppe.
 17499 | D:15     | Entered Level 15 of the Dungeon
 17515 | D:15     | Found a labyrinth entrance.
 17524 | Lab      | Entered a labyrinth
 18313 | D:15     | Found Reaxzaaf's General Store.
 18529 | D:15     | Reached skill level 5 in Invocations
 18617 | D:15     | Found a staircase to the Depths.
 18617 | D:15     | Noticed a fire giant
 18657 | D:15     | Noticed Josephine
 18672 | D:15     | Killed Josephine
 18672 | D:15     | Reached XP level 15. HP: 111/111 MP: 36/36
 19206 | D:15     | Killed a fire giant
 19685 | D:10     | Killed Fannar
 19769 | D:10     | Noticed Harold
 19784 | D:10     | Killed Harold
 20065 | D:10     | --what is with all these wands orcs
 20354 | D:8      | Noticed Blork the orc
 20359 | D:8      | Noticed a centaur warrior
 20374 | D:8      | Killed a centaur warrior
 20386 | D:8      | Killed Blork the orc
 20423 | D:8      | Killed a catoblepas
 20458 | D:8      | Reached skill level 1 in Translocations
 20901 | D:8      | Found a basalt altar of Yredelemnul.
 20969 | Lair:1   | Entered Level 1 of the Lair of Beasts
 22839 | Lair:3   | Found a hole to the Spider Nest.
 22996 | Lair:3   | --whoops
 23138 | Lair:3   | Reached skill level 5 in Translocations
 25146 | Lair:6   | Found a staircase to the Swamp.
 25170 | Lair:6   | Reached skill level 15 in Fighting
 25351 | Lair:6   | Reached XP level 16. HP: 112/123 MP: 35/37
 25786 | Lair:6   | Learned a level 5 spell: Summon Forest
 25793 | Lair:6   | Learned a level 6 spell: Monstrous Menagerie
 26086 | Lair:7   | Found a staircase to the Slime Pits.
 26086 | Lair:7   | Found a viscous altar of Jiyva.
 26624 | Lair:7   | Reached skill level 1 in Summonings
 26976 | Lair:8   | Entered Level 8 of the Lair of Beasts
 27101 | Lair:8   | Found a deep blue altar of Sif Muna.
 27888 | Lair:8   | Reached skill level 16 in Fighting
 28022 | Lair:8   | --ONWARD TO WHERE
 28064 | Lair:7   | --...?
 28115 | Lair:7   | Upgraded the game from 0.16-a0-3190-g4098104 to 0.16-a0-3272-g378764d
 28115 | Lair:7   | Quit the game

Action                   |  1- 3 |  4- 6 |  7- 9 | 10-12 | 13-15 | 16-18 || total
-------------------------+-------+-------+-------+-------+-------+-------++-------
Melee: Quarterstaff      |    64 |   111 |   439 |  1344 |  2699 |   801 ||  5458
       Unarmed           |       |       |       |       |     4 |       ||     4
Throw: Throwing net      |     2 |       |     1 |       |       |       ||     3
Evoke: Wand              |       |       |     2 |     6 |     1 |       ||     9
  Use: Scroll            |       |     2 |    12 |     6 |    14 |     1 ||    35
       Potion            |       |       |       |     4 |     5 |       ||     9
 Stab: Held in net/web   |     1 |       |       |       |       |       ||     1
       Sleeping          |       |       |       |     1 |     1 |       ||     2
       Confused          |       |       |       |       |     2 |       ||     2
  Eat: Chunk             |       |     3 |    14 |    19 |    43 |    10 ||    89
       Royal jelly       |       |       |       |     1 |     1 |       ||     2
